 Dungeon Crawl Stone Soup version 0.26.1-2-gb8aa6d0 (webtiles) character file.

Game seed: 10769851216531561733

46862 Geeful the Fighter (level 14, -5/104 HPs)
             Began as an Octopode Delver on Apr 4, 2021.
             Was a High Priest of Vehumet.
             Shot with an arrow by Nessos (7 damage)
             ... on level 2 of the Orcish Mines on Apr 6, 2021.
             The game lasted 01:30:56 (25352 turns).

Geeful the Fighter (Octopode Delver)               Turns: 25352, Time: 01:30:57

Health: -5/104     AC:  7    Str: 12    XL:     14   Next: 39%
Magic:  29/29      EV: 22    Int: 17    God:    Vehumet [*****.]
Gold:   2737       SH:  5    Dex: 17    Spells: 27/35 levels left

rFire    . . .     SeeInvis +   k - +9 dagger of Mastery {vorpal, rPois rC++ Dex+4 SInv}
rCold    + + .     Faith    .   (no shield)
rNeg     + + .     Spirit   .   C - +2 hat
rPois    +         Reflect  +   N - amulet of reflection
rElec    .         Harm     .   j - ring of wizardry
rCorr    .         Rampage  .   u - ring of positive energy
Will     +....                  J - ring of see invisible
Stlth    ++++++....             F - +4 ring of protection
HPRegen  0.27/turn              M - ring of flight
MPRegen  0.21/turn              I - ring of positive energy
                                (no ring)
                                (no ring)

@: no status effects
A: almost no armour, stealthy swim, amphibious, 8 rings, constrict 8, camouflage
1, gelatinous body 1
a: Renounce Religion, Evoke Flight


You were on level 2 of the Orcish Mines.
You worshipped Vehumet.
Vehumet was extremely pleased with you.
You visited 4 branches of the dungeon, and saw 20 of its levels.

You collected 2737 gold pieces.

Inventory:

Hand Weapons
 k - the +9 dagger of Mastery (weapon) {vorpal, rPois rC++ Dex+4 SInv}
   (You found it on level 4 of the Dungeon)

   It inflicts extra damage upon your enemies.
   It affects your dexterity (+4).
   It greatly protects you from cold.
   It protects you from poison.
   It lets you see invisible.
Missiles
 n - 2 curare-tipped darts
 q - 45 poisoned darts
 B - a throwing net
 H - 2 datura-tipped darts (quivered)
Armour
 C - a +2 hat (worn)
Magical Staves
 G - an uncursed staff of cold
Jewellery
 j - a ring of wizardry (left tentacle)
 o - an uncursed ring of ice
 u - a ring of positive energy (right tentacle)
 F - a +4 ring of protection (on tentacle)
 I - a ring of positive energy (on tentacle)
 J - a ring of see invisible (on tentacle)
 M - a ring of flight (on tentacle)
 N - an amulet of reflection (around mantle)
Wands
 f - a wand of digging (3)
 s - a wand of flame (12)
 z - a wand of polymorph (8)
 L - a wand of disintegration (11)
Scrolls
 a - a scroll of enchant armour
 c - a scroll of magic mapping
 d - 3 scrolls of fear
 m - 9 scrolls of remove curse
 w - 4 scrolls of enchant weapon
 A - 2 scrolls of amnesia
 D - 3 scrolls of teleportation
Potions
 e - a potion of haste
 g - a potion of berserk rage
 h - 2 potions of attraction
 i - 6 potions of curing
 l - a potion of ambrosia
 p - 5 potions of brilliance
 r - a potion of mutation
 t - 4 potions of magic
 v - 6 potions of lignification
 E - 3 potions of flight
 K - a potion of might
Miscellaneous
 x - a box of beasts


   Skills:
 + Level 12.7 Fighting
 - Level 6.0 Short Blades
 + Level 12.5 Dodging
 - Level 10.0 Stealth
 + Level 11.1 Spellcasting
 + Level 9.8 Conjurations


You had 27 spell levels left.
You knew the following spells:

 Your Spells              Type           Power        Failure   Level
a - Magic Dart            Conj           100%         1%          1
b - Blink                 Tloc           N/A          4%          2
c - Searing Ray           Conj           84%          1%          2
d - Dazzling Flash        Conj/Hex       52%          1%          3

Your spell library contained the following spells:

 Spells                   Type           Power        Failure   Level
 Lee's Rapid Deconstruct  Erth           4%           22%         5
 Conjure Flame            Conj/Fire      26%          1%          3
 Mephitic Cloud           Conj/Pois/Air  20%          1%          3
 Summon Small Mammal      Summ           36%          3%          1
 Call Imp                 Summ           9%           4%          2
 Slow                     Hex            9%           4%          2
 Animate Dead             Necr           4%           28%         4
 Borgnjor's Vile Clutch   Necr/Erth      4%           61%         5
 Death Channel            Necr           4%           98%         6
 Simulacrum               Ice/Necr       4%           98%         6


Dungeon Overview and Level Annotations

Branches:
Dungeon (11/15)            Temple (1/1) D:7            Lair (6/6) D:8
  Swamp (0/4) Lair:2        Snake (0/4) Lair:4        Slime (0/5) Lair:6
    Orc (2/2) D:10            Elf (0/3) Orc:2

Altars:
Ashenzari
Cheibriados
Dithmenos
Elyvilon
Fedhas
Gozag
Hepliaklqana
Kikubaaqudgha
Makhleb
Nemelex Xobeh
Okawaru
Qazlal
Ru
Sif Muna
Trog
Uskayaw
Vehumet
Wu Jian
Xom
Yredelemnul
The Shining One

Annotations:
D:2 2 transporters
D:9 2 transporters, exclusion: oklob plant, MrDizzy's ghost, journeyman KoEE
Lair:1 exclusion: downstairs
Orc:2 Nessos; Saint Roka


Innate Abilities, Weirdness & Mutations

You cannot wear most types of armour.
You are very stealthy in the water. (Stealth+)
You are amphibious.
You can wear up to eight rings at the same time.
You can use your tentacles to constrict eight enemies at once.
Your skin changes colour to match your surroundings (Stealth+).
Your rubbery body absorbs attacks. (AC +1, EV +1)


Message History

The orc priest moves out of view.
The orc warrior shouts! x2
Found 23 gold pieces.
The orc warrior shouts!
Saint Roka shouts!
You hear a shout!
Saint Roka roars a battlecry!
The orcs go into a battle-frenzy!
A warg comes into view.
Nessos shoots an arrow.
The arrow completely misses you.
The orc warrior shouts!
There is an escape hatch in the ceiling here.
You see here an arrow.
Nessos shoots an arrow.
You reflect the arrow off an invisible shield around you!
The arrow hits Nessos.
The arrow burns Nessos.
Nessos looks as sick as possible!
Saint Roka mumbles some strange prayers to Beogh against you.
Beogh smites you!
* * * LOW HITPOINT WARNING * * *
Nessos shoots an arrow.
The arrow hits you!
You die...

*** ##* **,** **#.#* *,,,** **
*$#..##* *#.oo.** ,** ***#.....#*
*##.....,** ,,** **,,#......##
##.#...o.,,**
,,,***,,,........###........,,,*
,,,,*,,,,.........##......$.,,**
,,.,,,,,,.......@........$..,,,**
,,...,,,,......$..o.....#,,,,,,,*
,,....,,,...........o..#*,,*,,,,,
,,....$,,..###..o.$o)...#***,,,,,
,,.....#####*#.....ooo.##***,,,,,
,,.....$.).#*...o.o..oh..*,,,,,,,
,,.....(..####.(...o...o..,,,,,,,
,,.$.......(#c....##.oo.....,,,,*
,,....$...)(ยง.....#.........,,***


You could see Saint Roka, Nessos (fast, extremely poisoned), a warg, 9 orc
warriors, an orc priest (strong) and 3 orcs.

Vanquished Creatures
  An orc warlord (Orc:1)
  6 hydras
  8 death yaks
  2 two-headed ogres
  4 oklob plants (Lair:1)
  3 orc sorcerers
  A cyclops (D:11)
  5 elephants
  A guardian serpent (Lair:6)
  10 black mambas
  9 cane toads
  2 rime drakes
  6 komodo dragons
  3 trolls
  2 polar bears
  15 dream sheep
  4 hornets
  8 blink frogs (Lair:6)
  A slime creature (Lair:6)
  2 redbacks (Lair:6)
  Sigmund (D:2)
  2 basilisks
  7 wyverns
  29 yaks
  Edmund (D:5)
  Duvessa (D:5)
  37 water moccasins
  2 hell hounds (Lair:3)
  11 orc warriors
  3 ice beasts
  A black bear (Lair:1)
  6 necrophages (D:7)
  2 phantoms (D:6)
  4 ogres
  4 wolves
  4 centaurs
  15 bullfrogs
  A scorpion (D:10)
  Dowan (D:5)
  5 howler monkeys
  9 wights
  7 electric eels
  A bullfrog zombie (D:11)
  A bullfrog skeleton (D:10)
  3 hounds
  5 jellies
  Crazy Yiuf (D:6)
  6 orc priests
  9 orc wizards
  2 iguanas (D:9)
  6 worker ants
  A hound skeleton (D:4)
  2 mummies (D:7)
  A howler monkey zombie (D:6)
  11 gnolls
  9 adders
  4 white imps
  3 ufetubi
  An ooze (D:5)
  4 dart slugs
  8 leopard geckos
  27 orcs
  4 giant cockroaches
  9 goblins
  11 hobgoblins
  9 jackals
  7 kobolds
  4 quokkas
  A ball python (Lair:4)
  10 bats
  7 frilled lizards
  A jackal skeleton (D:6)
  A leopard gecko skeleton (D:5)
  A quokka zombie (D:6)
  5 rats
421 creatures vanquished.

Vanquished Creatures (collateral kills)
  A dream sheep (Lair:5)
  An orc wizard (Orc:1)
  An orc (Orc:1)
3 creatures vanquished.

Vanquished Creatures (others)
  A warg (Orc:1)
  28 fungi
  40 plants
  2 withered plants (D:7)
71 creatures vanquished.

Grand Total: 495 creatures vanquished

Notes
Turn   | Place    | Note
-------+----------+-------------------------------------------
     0 | D:5      | Geeful the Octopode Delver began the quest for the Orb.
     0 | D:5      | Reached XP level 1. HP: 16/16 MP: 1/1
    89 | D:6      | Noticed a phantom
   120 | D:4      | Got a shimmering dagger
   121 | D:4      | Identified the +9 dagger of Mastery {vorpal, rPois rC++
                  | Dex+4 SInv} (You found it on level 4 of the Dungeon)
   163 | D:3      | Found a faded altar of an unknown god.
   257 | D:2      | Reached XP level 2. HP: 16/21 MP: 2/2
   370 | D:2      | Found a transporter.
   373 | D:2      | Found a transporter.
   374 | D:2      | Noticed a water moccasin
   384 | D:2      | Found a shadowy altar of Dithmenos.
   599 | D:1      | Reached XP level 3. HP: 26/26 MP: 3/3
  1212 | D:2      | Reached XP level 4. HP: 16/31 MP: 4/4
  1692 | D:2      | Found a broken altar of Ashenzari.
  1910 | D:2      | Noticed Sigmund
  1927 | D:2      | Killed Sigmund
  1928 | D:2      | Reached XP level 5. HP: 37/37 MP: 5/5
  1928 | D:2      | Reached XP level 6. HP: 43/43 MP: 6/6
  2333 | D:3      | Found a stormy altar of Qazlal.
  2652 | D:3      | Found a shimmering blue altar of Sif Muna.
  2666 | D:3      | Identified Sif Muna's Guide on the Escort
  3485 | D:5      | Reached XP level 7. HP: 49/49 MP: 7/7
  3564 | D:5      | Reached skill level 1 in Spellcasting
  3963 | D:5      | Noticed Dowan
  3966 | D:5      | Noticed Duvessa
  3970 | D:5      | Killed Dowan
  4162 | D:5      | Reached skill level 5 in Fighting
  4225 | D:5      | Killed Duvessa
  4226 | D:5      | Reached XP level 8. HP: 48/55 MP: 10/10
  4497 | D:5      | Noticed Edmund
  4499 | D:5      | Killed Edmund
  4781 | D:6      | Reached skill level 5 in Short Blades
  4781 | D:6      | Reached skill level 5 in Dodging
  5117 | D:6      | Found a bloodstained altar of Trog.
  5158 | D:6      | Found a runed translucent door.
  5159 | D:6      | Noticed Crazy Yiuf
  5166 | D:6      | Killed Crazy Yiuf
  5469 | D:7      | Reached XP level 9. HP: 62/62 MP: 13/13
  5489 | D:7      | Reached skill level 10 in Stealth
  5521 | D:7      | Noticed a hornet
  5528 | D:7      | Killed a hornet
  5725 | D:7      | Found a blossoming altar of Fedhas.
  6172 | D:7      | Found a staircase to the Ecumenical Temple.
  6179 | Temple   | Entered the Ecumenical Temple
  6364 | Temple   | Became a worshipper of Vehumet
  6785 | D:8      | Identified a scroll of acquirement
  6785 | D:8      | Acquired 968 gold pieces
  6852 | D:8      | Noticed a death yak
  6853 | D:8      | Noticed a death yak
  6855 | D:8      | Found a staircase to the Lair.
  6858 | D:8      | Noticed a death yak
  6860 | D:8      | Killed a death yak
  6861 | D:8      | Reached skill level 5 in Spellcasting
  6861 | D:8      | Reached XP level 10. HP: 71/71 MP: 15/17
  7022 | D:8      | Found a white marble altar of Elyvilon.
  7202 | D:8      | Killed a death yak
  7212 | D:8      | Killed a death yak
  8403 | D:9      | Found a transporter.
  8406 | D:9      | Noticed MrDizzy's ghost (journeyman KoEE)
  8556 | D:9      | Found a transporter.
  8575 | D:9      | Noticed an oklob plant
  8654 | D:9      | Noticed a two-headed ogre
  8711 | D:9      | Learned a level 1 spell: Magic Dart
  8752 | D:9      | Learned a level 2 spell: Blink
  8781 | D:10     | Entered Level 10 of the Dungeon
  8895 | D:10     | Found a staircase to the Orcish Mines.
  8951 | D:10     | Reached skill level 1 in Conjurations
  9088 | D:10     | Noticed a two-headed ogre
  9090 | D:10     | Killed a two-headed ogre
  9091 | D:10     | Reached XP level 11. HP: 80/80 MP: 21/21
  9251 | D:10     | Reached * piety under Vehumet
  9251 | D:10     | Offered knowledge of Foxfire by Vehumet.
  9515 | D:11     | Got a fading trident
  9516 | D:11     | Identified the cursed +1 trident "Ryxaafock" {pain, +Inv
                  | Str+4 Dex+4} (You found it on level 11 of the Dungeon)
  9551 | D:11     | Noticed a cyclops
  9565 | D:11     | Killed a cyclops
  9720 | D:11     | Noticed a skeletal warrior
  9794 | Lair:1   | Entered Level 1 of the Lair of Beasts
  9882 | Lair:1   | You fall into a shaft and drop 1 floor!
 10312 | Lair:1   | Noticed an oklob plant
 10314 | Lair:1   | Noticed an oklob plant
 10314 | Lair:1   | Noticed an oklob plant
 10314 | Lair:1   | Noticed an oklob plant
 10530 | Lair:1   | Offered knowledge of Searing Ray by Vehumet.
 10537 | Lair:1   | Reached ** piety under Vehumet
 10841 | Lair:1   | Reached skill level 10 in Fighting
 11810 | Lair:1   | Killed an oklob plant
 11828 | Lair:1   | Killed an oklob plant
 11829 | Lair:1   | Reached skill level 5 in Conjurations
 11843 | Lair:1   | Killed an oklob plant
 11844 | Lair:1   | Reached skill level 10 in Dodging
 11844 | Lair:1   | Reached XP level 12. HP: 51/87 MP: 24/24
 11877 | Lair:1   | Got an encrusted long sword
 12553 | Lair:2   | Learned a level 2 spell: Searing Ray
 12745 | Lair:2   | Found a staircase to the Swamp.
 12969 | Lair:2   | Noticed a five-headed hydra
 12977 | Lair:2   | Killed a five-headed hydra
 13360 | Lair:3   | You fall into a shaft and drop 1 floor!
 13361 | Lair:4   | Noticed a four-headed hydra
 13361 | Lair:4   | Killed a four-headed hydra
 13895 | Lair:3   | Identified the cursed +0 long sword of Conscience {vorpal,
                  | +Inv rC+ Int-3} (You found it on level 1 of the Lair of
                  | Beasts)
 14468 | Lair:4   | Noticed a five-headed hydra
 14488 | Lair:4   | Killed a five-headed hydra
 14488 | Lair:4   | Offered knowledge of Ignite Poison by Vehumet.
 14756 | Lair:4   | Found a staircase to the Snake Pit.
 15297 | Lair:4   | Noticed a five-headed hydra
 15302 | Lair:4   | Killed a five-headed hydra
 15543 | Lair:4   | Reached *** piety under Vehumet
 15983 | Lair:5   | Reached XP level 13. HP: 28/95 MP: 26/26
 17170 | Lair:5   | Offered knowledge of Dazzling Flash by Vehumet.
 17385 | Lair:5   | Learned a level 3 spell: Dazzling Flash
 18122 | Lair:5   | Reached skill level 10 in Spellcasting
 18180 | Lair:6   | Entered Level 6 of the Lair of Beasts
 19348 | Lair:6   | Found a staircase to the Slime Pits.
 20796 | Lair:6   | Reached **** piety under Vehumet
 21065 | Lair:6   | Paralysed by a hornet for 2 turns
 21373 | Lair:5   | Offered knowledge of Fulminant Prism by Vehumet.
 21922 | Lair:6   | Reached XP level 14. HP: 104/104 MP: 28/28
 23151 | Lair:6   | HP: 5/104 [black mamba (18)]
 24147 | Orc:1    | Entered Level 1 of the Orcish Mines
 24779 | Orc:1    | Found a bloodstained altar of Trog.
 24890 | Orc:1    | Reached ***** piety under Vehumet
 24893 | Orc:1    | Noticed an orc warlord
 24919 | Orc:1    | Killed an orc warlord
 24938 | Orc:1    | Offered knowledge of Lee's Rapid Deconstruction by Vehumet.
 25266 | Orc:2    | Entered Level 2 of the Orcish Mines
 25266 | Orc:2    | Noticed Nessos
 25350 | Orc:2    | Noticed Saint Roka
 25352 | Orc:2    | HP: 2/104 [Saint Roka/divine providence (8)]
 25352 | Orc:2    | Shot with an arrow by Nessos

Illustrated notes

Levels and vault maps discovered:
D:1:      tarquinn_simple_flora_water_d, layout_loops_ring, feat_on_display
D:2:      layout_loops_ring, gammafunk_temple_overflow_arena, marbit_many_paths,
          uniq_sigmund
D:3:      layout_rooms, lemuel_round_altar,
          chequers_ecumenical_altar_simple_redux, led_sif_book
D:4:      layout_gridville
D:5:      layout_basic, uniq_duvessa, uniq_edmund
D:6:      layout_basic, old_standard_altar, uniq_crazy_yiuf_cottage
D:7:      layout_loops_cross, lemuel_coloured_pillars_altar,
          minmay_temple_entry_hall, serial_undead, serial_undead_e,
          serial_undead_c, serial_undead_e, serial_undead_f, serial_undead_d
D:8:      layout_layer_cave, overflow_temple_1_default, dpeg_lair_monsters
D:9:      layout_small_grid, nzn_ghost_randoct
D:10:     layout_basic, orc_0_dummy, grunt_decor_clamped
D:11:     layout_rooms, kennysheep_generic_room_15
Temple:   regret_index_temple_generic_petals
Lair:1:   layout_regular_city, lemuel_fruit_tree, infiniplex_staircase_pool,
          minmay_lair_oklob_chamber, grunt_megastairs_3
Lair:2:   layout_misc_corridors, minmay_swamp_entry_eels, grunt_megastairs_1
Lair:3:   layout_gridlike, enter_volcano_3
Lair:4:   layout_small_grid, minmay_snake_entry_six_corridors,
          serial_bayou_shore_a
Lair:5:   layout_cellular_growth, infiniplex_staircase_pool_2
Lair:6:   hangedman_lair_tendril_chambers, layout_big_grid,
          minmay_slime_entry_pillars, grunt_forest_small_clearing_treed
Orc:1:    layout_diamond_mine, trog_hazing_becter
Orc:2:    st_orc_rangers, layout_diamond_mine, minmay_shop_mayhem, uniq_nessos,
          uniq_saint_roka, uniq_urug

Skill      XL: |  1  2  3  4  5  6  7  8  9 10 11 12 13 14 |
---------------+-------------------------------------------+-----
Stealth        | 7 8 9 10 | 10.0
Short Blades   | 3 4 5 6 |  6.0
Dodging        | 3 4 5 7 8 10 11 12 | 12.5
Fighting       | 4 5 7 9 10 11 12 | 12.7
Spellcasting   | 1 3 5 7 8 9 10 11 | 11.1
Conjurations   | 2 5 7 9 |  9.8

Action                   |  1- 3 |  4- 6 |  7- 9 | 10-12 | 13-15 || total
-------------------------+-------+-------+-------+-------+-------++-------
Melee: Dagger            |    42 |    71 |   136 |   404 |   482 ||  1135
       Constrict         |     8 |    12 |    26 |    42 |    66 ||   154
       Tentacles         |     6 |    14 |    21 |   101 |   128 ||   270
       Short sword       |     2 |       |       |       |       ||     2
Throw: Dart              |       |       |     4 |     2 |     5 ||    11
 Cast: Searing Ray       |       |       |       |     4 |    33 ||    37
       Magic Dart        |       |       |       |     4 |       ||     4
       Blink             |       |       |       |     1 |       ||     1
       Dazzling Flash    |       |       |       |       |    31 ||    31
Evoke: Wand              |       |       |       |    58 |    20 ||    78
       Box of beasts     |       |       |       |     1 |     1 ||     2
  Use: Scroll            |       |     5 |     9 |    14 |    15 ||    43
       Potion            |       |       |       |     6 |    11 ||    17
 Stab: Sleeping          |    11 |    20 |    25 |    43 |     8 ||   107
       Paralysed         |       |       |       |     5 |     2 ||     7
       Invisible         |       |       |       |       |     6 ||     6
       Distracted        |       |       |       |       |     6 ||     6
Armor: Skin              |     4 |     2 |     9 |    34 |    61 ||   110
Dodge: Dodged            |    15 |    48 |    68 |   283 |   456 ||   870
Block: Other             |       |       |       |       |    35 ||    35
       Reflection        |       |       |       |       |     6 ||     6
